 Dungeon Crawl Stone Soup version 0.30-a0-218-gedb9141078 (webtiles) character file.

Game seed: 3300089357417798390

65 Flugkiller the Slasher (level 4, 0/60 HPs)
             Began as a Meteoran Chaos Knight on Oct 5, 2022.
             Was a Plaything of Xom.
             Succumbed to an orc wizard's poison
             ... on level 4 of the Dungeon.
             The game lasted 00:03:47 (1177 turns).

Flugkiller the Slasher (Meteoran Chaos Knight)      Turns: 1177, Time: 00:03:48

Health: 0/60       AC:  8    Str: 13    XL:     4   Next: 62%
Magic:  5/5        EV: 12    Int: 17    God:    Xom [.....*]
Gold:   236        SH:  0    Dex: 23    Spells: 3/3 levels left

rFire   . . .      SeeInvis .    e - +2 short sword (elec)
rCold   . . .      Faith    .    (no shield)
rNeg    . . .      Spirit   .    k - +3 ring mail
rPois   .          Reflect  .    (no helmet)
rElec   .          Harm     .    (no cloak)
rCorr   .          Rampage  .    (no gloves)
Will    .....                    f - +1 pair of boots of Negation {Int+5 Dex+4}
Stlth   ..........               (no amulet)
HPRegen 0.30/turn                (no ring)
MPRegen 0.09/turn                (no ring)

@: confused, brilliant, berserking, lethally poisoned (0 -> -8), attractive,
flying, glowing, very quick
A: sense surroundings 1, otherworldly, glowing, explore regen, agile 1, deformed
body
a: Renounce Religion


You were on level 4 of the Dungeon.
You worshipped Xom.
You were Xom's teddy bear.
You visited 1 branch of the dungeon, and saw 4 of its levels.

You collected 236 gold pieces.

Inventory:

Hand Weapons
 a - a +0 falchion of chaos
 e - a +2 short sword of electrocution (weapon)
   (You found it on level 1 of the Dungeon)
Armour
 b - a +2 leather armour
 f - the +1 pair of boots of Negation (worn) {Int+5 Dex+4}
   (You found it on level 3 of the Dungeon)

   Int:       It affects your intelligence (+5).
   Dex:       It affects your dexterity (+4).
 k - a +3 ring mail (worn)
   (You found it on level 3 of the Dungeon)
Jewellery
 j - a ring of flight
   (You took it off a goblin on level 2 of the Dungeon)
Scrolls
 d - a scroll of blinking {unknown}
 m - a scroll of fog
 t - 3 scrolls of teleportation
Potions
 g - 2 potions of mutation
 n - a potion of flight
 o - a potion of resistance {unknown}
Miscellaneous
 c - a piece from Xom's chessboard (15/15) (quivered)


   Skills:
 + Level 3.9 Fighting
 * Level 4.9 Long Blades
 - Level 2.4 Armour
 + Level 2.5 Dodging


You had 3 spell levels left.
You didn't know any spells.
Your spell library was empty.

Dungeon Overview and Level Annotations

Branches:
Dungeon (4/15) Zot: 1238
 Temple: D:4-7

Altars:
Okawaru
Vehumet

Shops:
D:2 [


Innate Abilities, Weirdness & Mutations

You passively map a small area around you.
You are easily found by Zot.
You glow in the dark.
You regain HP and MP as you explore.
You are agile. (Dex +4, Str/Int -1)
Armour fits poorly on your strangely shaped body.


Message History

n - 2 lumpy dark potions
o - a fuming blue potion
Found a stone staircase leading down.
A hobgoblin comes into view.
The hobgoblin shouts!
The hobgoblin hits you but does no damage.
You hit the hobgoblin.
Lightning courses through the hobgoblin!
You kill the hobgoblin!
No target in view!
There is a stone staircase leading down here.
There is a stone staircase leading down here.
You climb downwards.
The orc wizard shouts!
The orc shouts!
There is a stone staircase leading up here.
Unknown command.
You completely miss the orc. The orc hits you but does no damage.
The orc wizard points at you and mumbles some strange words.
The magic dart hits you.
You hit the orc.
The orc is lightly wounded.
The orc barely misses you.
You hit the orc.
The orc is almost dead.
The orc hits you but does no damage. The orc wizard casts a spell at you.
The magic dart hits you.
You hit the orc.
You kill the orc!
The orc wizard gestures at you while chanting.
The magic dart hits you. The orc hits you with a +0 flail.
You are too injured to fight recklessly!
You are too injured to fight recklessly!
You hit the orc wizard but do no damage.
The orc wizard misses you. The orc hits you with a +0 flail!
You hit the orc wizard.
The orc wizard is moderately wounded.
You barely miss the orc wizard.
The orc wizard is moderately wounded.
The orc hits you with a +0 flail.
The orc wizard points at you and mumbles some strange words.
You resist with some effort.
You hit the orc wizard.
The orc wizard is severely wounded.
The orc wizard closely misses you. The orc hits you but does no damage.
The orc wizard attacks as you move away!
The orc wizard hits you with a +0 dagger of venom.
* * * LOW HITPOINT WARNING * * *
You hit the orc wizard.
The orc wizard is almost dead.
The orc misses you.
The orc wizard hits you with a +0 dagger of venom.
* * * LOW HITPOINT WARNING * * *
Unknown command.
You hit the orc wizard but do no damage.
The orc wizard is almost dead.
The orc closely misses you.
The orc wizard hits you with a +0 dagger of venom.
* * * LOW HITPOINT WARNING * * *
You are poisoned.
Unknown command.
It was a potion of flight.
You feel very buoyant.
You fly up into the air.
Xom thinks this is hilarious!
* * * LOW HITPOINT WARNING * * *
You feel sick. The orc wizard casts a spell at you.
You are confused.
The orc hits you with a +0 flail.
* * * LOW HITPOINT WARNING * * *
You are too confused!
Unknown command.
It was a potion of attraction.
You feel attractive to monsters.
Xom roars with laughter!
* * * LOW HITPOINT WARNING * * *
You feel sick. The orc hits you but does no damage.
The orc wizard gestures at you while chanting.
You resist with some effort.
Unknown command.
It was a potion of brilliance.
You feel clever all of a sudden.
* * * LOW HITPOINT WARNING * * *
You feel sick. The orc hits you but does no damage.
The orc wizard hits you but does no damage.
You are more poisoned.
Unknown command.
It was a potion of berserk rage.
A red film seems to cover your vision as you go berserk!
You feel yourself moving faster!
You feel mighty!
* * * LOW HITPOINT WARNING * * *
You feel sick. The orc hits you but does no damage.
The orc wizard casts a spell at you. You resist with some effort.
Unknown command.
You're too confused to move!
You feel a strong urge to attack something.
You die...
Xom chortles!

*, , , , * ,
, , , , * , ,
, , , , , ,,
,, , ,
########+## ,
.......o@.#,
, ,,
.......o).# ,
..........# ,
..........# ,
, ,
..........# ,
, ,
..######..#,,
., ** *#+## ,
* * , , , ,


You could see an orc wizard and an orc.

Vanquished Creatures
  An adder (D:2)
  A worm (D:2)
  2 dart slugs
  3 orcs
  4 endoplasms
  9 goblins
  6 hobgoblins
  2 kobolds
  3 quokkas
  6 ball pythons
  3 bats
  A frilled lizard (D:1)
  A rat (D:1)
42 creatures vanquished.

Vanquished Creatures (others)
  A plant (D:1)
1 creature vanquished.

Grand Total: 43 creatures vanquished

Notes
Turn   | Place    | Note
-------+----------+-------------------------------------------
     0 | D:1      | Flugkiller the Meteoran Chaos Knight began the quest for
                  | the Orb.
     0 | D:1      | Reached XP level 1. HP: 19/19 MP: 2/2
    67 | D:1      | XOM: divination: magic mapping
    68 | D:1      | Reached XP level 2. HP: 22/26 MP: 3/3
    95 | D:1      | Reached skill level 4 in Long Blades
   165 | D:1      | Reached XP level 3. HP: 23/31 MP: 4/4
   219 | D:1      | Found a faded altar of an unknown god.
   445 | D:2      | Found Ickus's Antique Armour Shoppe.
   461 | D:2      | You fall into a shaft and drop 2 floors!
   527 | D:3      | Found a radiant altar of Vehumet.
   816 | D:2      | Reached XP level 4. HP: 40/40 MP: 5/5
   977 | D:3      | Identified the +1 pair of boots of Negation {Int+5 Dex+4}
  1070 | D:3      | Found an iron altar of Okawaru.
  1073 | D:3      | XOM: give mutations
  1073 | D:3      | Gained mutation: You are agile. (Dex +4, Str/Int -1) [Xom's
                  | mischief]
  1073 | D:3      | Gained mutation: Armour fits poorly on your strangely
                  | shaped body. [Xom's mischief]
  1088 | D:3      | XOM: summons 2 hostile shadow creatures
  1175 | D:4      | HP: 2/40 [poisoned by an orc wizard]
  1177 | D:4      | Succumbed to an orc wizard's poison

Illustrated notes

Levels and vault maps discovered:
D:1:      minmay_arrival_up_and_down, layout_rooms,
          shapermc_ecumenical_altar_flowoftime, minmay_misc_feat_doors,
          serial_bayou_lagoon_b
D:2:      layout_basic, serial_shops, shop
D:3:      layout_basic, okawaru_ov_weapons_minmay, amcnicky_altar_gilded,
          kennysheep_generic_room_6
D:4:      layout_gridville, gammafunk_temple_overflow_statue,
          hangedman_decor_growths, minmay_bent, uniq_eustachio, uniq_menkaure

Skill      XL: |  1  2  3 |
---------------+----------+-----
Long Blades    | 4 |  4.9
Dodging        | 2 |  2.5
Fighting       | |  3.9
Armour         | |  2.4

Action                   |  1- 3 |  4- 6 || total
-------------------------+-------+-------++-------
Melee: Short sword       |    87 |    51 ||   138
       Falchion          |     3 |       ||     3
  Use: Potion            |       |     4 ||     4
       Scroll            |       |     3 ||     3
Armor: Leather armour    |    31 |       ||    31
       Ring mail         |     1 |    26 ||    27
Dodge: Dodged            |    36 |    21 ||    57

Table legend: (Time is in decaauts)
 A = Elapsed time spent in this place.
 B = Non-inter-level travel time spent in this place.
 C = Inter-level travel time spent in this place.
 D = Time resting spent in this place.
 E = Time spent auto-exploring this place.
 F = Levels seen in this place.
 G = Mean time per level.
                   A        B        C        D        E       F      G
               +--------+--------+--------+--------+--------+-----+--------+
         Total |   1161 |   1086 |     75 |      0 |      0 |   4 |  290.2 |
       Dungeon |   1161 |   1086 |     75 |      0 |      0 |   4 |  290.2 |
               +--------+--------+--------+--------+--------+-----+--------+

Top non-repeatable levels by time:
     D:2: 392 daAuts
     D:1: 357 daAuts
     D:3: 350 daAuts
     D:4: 61 daAuts
